[Event "CCT Julius Baer-D3 2024"]
[Site "Online"]
[Date "2024.09.27"]
[Round "1.2"]
[White "frederiksvane"]
[Black "Theodorou, Nikolas"]
[Result "1-0"]
[ECO "C55"]
[WhiteElo "2619"]
[BlackElo "2654"]
[Annotator "ChessBase"]
[PlyCount "69"]
[EventDate "2024.09.25"]
[EventType "swiss"]
[EventCountry "NET"]
[SourceTitle "playchess.com"]
[Source "ChessBase"]
[SourceQuality "1"]
[TimeControl "600+2"]

1. e4 e5 2. Nf3 Nc6 3. Bc4 Nf6 4. d3 Be7 5. Nc3 O-O 6. a3 a6 7. O-O d6 8. h3 Be6 9. Nd5 Bxd5 10. exd5 Nb8 11. Re1 c6 12. dxc6 Nxc6 13. Ba2 Re8 14. d4 e4 15. Ng5 d5 16. c4 Bd6 17. cxd5 Nb8 18. Bb1 Nbd7 19. Nxe4 Nxe4 20. Rxe4 Nf6 21. Rxe8+ Qxe8 22. Bg5 Ne4 23. Be3 f5 24. Qf3 g6 25. Bxe4 Qxe4 26. Qxe4 fxe4 27. g4 Rc8 28. Rc1 Rf8 29. Kg2 Kf7 30. Bd2 Re8 31. Re1 Re7 32. Bg5 Re8 33. Re3 Kg7 34. a4 Bb4 35. Bf4 1-0

[Event "CCT Julius Baer-D3 2024"]
[Site "Online"]
[Date "2024.09.27"]
[Round "1.2"]
[White "Chopper"]
[Black "Rud_Makarian"]
[Result "1/2-1/2"]
[ECO "D24"]
[WhiteElo "2612"]
[BlackElo "2616"]
[Annotator "ChessBase"]
[PlyCount "130"]
[EventDate "2024.09.25"]
[EventType "swiss"]
[EventCountry "NET"]
[SourceTitle "playchess.com"]
[Source "ChessBase"]
[SourceQuality "1"]
[TimeControl "600+2"]

1. d4 Nf6 2. c4 e6 3. Nf3 d5 4. Nc3 dxc4 5. e4 Bb4 6. Bxc4 Nxe4 7. O-O Nf6 8. Qa4+ Nc6 9. Ne5 Bd6 10. Nxc6 bxc6 11. Qxc6+ Bd7 12. Qf3 h6 13. Bf4 Bxf4 14. Qxf4 Bc6 15. Rfe1 O-O 16. Rad1 Rb8 17. b3 Qd7 18. Qe5 Rfd8 19. Qa5 Rb7 20. h3 Qd6 21. Re5 Nd7 22. Re3 Nb6 23. Bf1 Nd5 24. Nxd5 Bxd5 25. Rc3 c6 26. Bc4 g5 27. Bxd5 cxd5 28. Rdc1 Qb6 29. Qa4 Kg7 30. Rc8 Rxc8 31. Rxc8 Kg6 32. Rc6 Qb4 33. Qa6 Qe1+ 34. Kh2 Rb4 35. Qd3+ Kg7 36. Qe3 Qxe3 37. fxe3 h5 38. Kg3 Kg6 39. Kf3 h4 40. Rc7 a6 41. Rc6 a5 42. Ra6 Rb5 43. Ra7 f6 44. e4 dxe4+ 45. Kxe4 Rf5 46. Ke3 Rd5 47. Ke4 Rf5 48. Ke3 Rb5 49. Ke4 f5+ 50. Ke3 Kf6 51. Ra6 Rd5 52. a4 g4 53. Rb6 Rd8 54. Rb5 Rc8 55. hxg4 fxg4 56. Kf4 h3 57. gxh3 gxh3 58. Rh5 Rc3 59. Rh6+ Ke7 60. Rh5 Rxb3 61. Rxa5 Kd6 62. Rh5 Rd3 63. Ke4 Ra3 64. a5 h2 65. Rxh2 Rxa5 1/2-1/2

[Event "CCT Julius Baer-D3 2024"]
[Site "Online"]
[Date "2024.09.27"]
[Round "1.2"]
[White "Yoo, Christopher"]
[Black "Deac, Bogdan-Daniel"]
[Result "1-0"]
[ECO "C58"]
[WhiteElo "2605"]
[BlackElo "2670"]
[Annotator "ChessBase"]
[PlyCount "159"]
[EventDate "2024.09.25"]
[EventType "swiss"]
[EventCountry "NET"]
[SourceTitle "playchess.com"]
[Source "ChessBase"]
[SourceQuality "1"]
[TimeControl "600+2"]

1. e4 e5 2. Nf3 Nc6 3. Bc4 Nf6 4. Ng5 d5 5. exd5 Na5 6. Bb5+ c6 7. dxc6 bxc6 8. Bd3 Nd5 9. h4 Qc7 10. Nc3 h6 11. Nf3 Nf4 12. Bf1 Ne6 13. d4 exd4 14. Nxd4 Bb4 15. a3 Bxc3+ 16. bxc3 O-O 17. Bd3 Nf4 18. Bxf4 Qxf4 19. Qf3 Re8+ 20. Kf1 Qxf3 21. gxf3 Rb8 22. Kg2 c5 23. Rhe1 Rd8 24. Re5 cxd4 25. Rxa5 dxc3 26. Rxa7 Be6 27. Rc7 Ra8 28. Rxc3 Ra5 29. Rb1 g5 30. Rh1 Rda8 31. hxg5 Rxg5+ 32. Kf1 h5 33. Rh4 Rga5 34. a4 Bd7 35. Rc7 Bxa4 36. Rf4 Rf8 37. Bc4 Be8 38. Re7 Kg7 39. Bd3 Rc5 40. c4 Rh8 41. Kg2 h4 42. Kh3 Kf8 43. Ra7 Kg7 44. Rxh4 Rxh4+ 45. Kxh4 Kf6 46. Kg3 Ke6 47. Kf4 f6 48. Ke3 Rh5 49. f4 Bc6 50. Ra6 Kd7 51. Be4 Bxe4 52. Kxe4 Rc5 53. Ra4 Ke6 54. f3 Kd6 55. f5 Re5+ 56. Kf4 Rc5 57. Ra6+ Ke7 58. Re6+ Kf7 59. Re4 Kf8 60. Ke3 Rxf5 61. f4 Ra5 62. Kd4 Kf7 63. c5 f5 64. Re1 Ra4+ 65. Ke5 Rc4 66. Kd5 Rxf4 67. c6 Rf2 68. Rc1 Rd2+ 69. Ke5 Rd8 70. c7 Rc8 71. Kd6 Kf6 72. Rf1 Kg5 73. Kd7 Rh8 74. c8=Q Rxc8 75. Kxc8 f4 76. Kd7 Kg4 77. Ke6 f3 78. Ke5 Kg3 79. Ke4 f2 80. Ke3 1-0

[Event "CCT Julius Baer-D3 2024"]
[Site "Online"]
[Date "2024.09.27"]
[Round "1.2"]
[White "FGHSMN"]
[Black "Guseinov, Gadir"]
[Result "1-0"]
[ECO "B31"]
[WhiteElo "2602"]
[BlackElo "2623"]
[Annotator "ChessBase"]
[PlyCount "165"]
[EventDate "2024.09.25"]
[EventType "swiss"]
[EventCountry "NET"]
[SourceTitle "playchess.com"]
[Source "ChessBase"]
[SourceQuality "1"]
[TimeControl "600+2"]

1. e4 c5 2. Nf3 Nc6 3. Nc3 g6 4. Bb5 Nd4 5. Bc4 Bg7 6. O-O d6 7. d3 Nf6 8. Nxd4 cxd4 9. Ne2 d5 10. Bb5+ Bd7 11. Bxd7+ Nxd7 12. Bg5 dxe4 13. dxe4 Nc5 14. Ng3 Qb6 15. Rb1 h6 16. Bd2 h5 17. Re1 h4 18. Nf1 h3 19. g3 Qc6 20. Bb4 Ne6 21. Nd2 a5 22. Ba3 b5 23. b3 Rc8 24. Qe2 Bh6 25. Nf3 O-O 26. Bxe7 Rfe8 27. Ba3 Qxc2 28. Qxb5 d3 29. Rb2 Qc3 30. Rd1 d2 31. Qe2 Nd4 32. Nxd4 Qxd4 33. Qg4 Rc1 34. Rbxd2 Rxd1+ 35. Rxd1 Qxe4 36. Qxh3 Bg7 37. Qf1 Qc2 38. Bd6 Qxa2 39. Qb5 Re2 40. Rf1 Bd4 41. Bc5 Bxc5 42. Qxc5 Qxb3 43. Qxa5 Qe6 44. Qc5 Re5 45. Qd4 Re4 46. Qd3 Re5 47. h4 Kg7 48. Qc3 Kh7 49. Ra1 Qf6 50. Rc1 Rf5 51. Qd2 Qe6 52. Re1 Re5 53. Rxe5 Qxe5 54. Qe3 Qa1+ 55. Kg2 Qa8+ 56. Qf3 Qa2 57. Qf4 Qd5+ 58. Kh2 Qa2 59. g4 Qd5 60. Kg3 Kg8 61. Qb8+ Kh7 62. Qf4 Kg8 63. Qe3 Qd1 64. f4 Kh7 65. Qf3 Qg1+ 66. Kh3 Kg8 67. Qa8+ Kh7 68. Qf3 Kg8 69. f5 gxf5 70. gxf5 Qc1 71. Qg4+ Kf8 72. Qb4+ Kg8 73. Qg4+ Kf8 74. Qe4 Qf1+ 75. Kg4 Qd1+ 76. Qf3 Qd4+ 77. Qf4 Qg7+ 78. Qg5 Qa1 79. Kh5 Ke8 80. f6 Qa2 81. Kh6 Qe6 82. h5 Kd7 83. Kg7 1-0

[Event "CCT Julius Baer-D3 2024"]
[Site "Online"]
[Date "2024.09.27"]
[Round "1.2"]
[White "Predke, Alexandr"]
[Black "Gelfand, Boris"]
[Result "1/2-1/2"]
[ECO "B30"]
[WhiteElo "2584"]
[BlackElo "2651"]
[Annotator "ChessBase"]
[PlyCount "76"]
[EventDate "2024.09.25"]
[EventType "swiss"]
[EventCountry "NET"]
[SourceTitle "playchess.com"]
[Source "ChessBase"]
[SourceQuality "1"]
[TimeControl "600+2"]

1. e4 c5 2. Nf3 Nc6 3. Bb5 e6 4. Bxc6 bxc6 5. d3 Ne7 6. e5 f6 7. Nh4 fxe5 8. Qh5+ g6 9. Qxe5 Rg8 10. O-O Nd5 11. Bg5 Bg7 12. Qxg7 Rxg7 13. Bxd8 Kxd8 14. Nd2 d6 15. Ne4 Kc7 16. f4 Bd7 17. Rf2 Rf8 18. g3 h6 19. Re1 Bc8 20. b3 Ne7 21. Nf3 Nf5 22. c4 Bd7 23. Kg2 Rgf7 24. h3 a5 25. h4 Bc8 26. Nc3 Nd4 27. Ne4 Nxf3 28. Rxf3 e5 29. Ref1 exf4 30. Rxf4 Rxf4 31. Rxf4 Rxf4 32. gxf4 Bf5 33. Kf3 Kd7 34. Ke3 Ke6 35. Nd2 Bg4 36. Ne4 Bf5 37. Nd2 Bg4 38. Ne4 Bf5 1/2-1/2

[Event "CCT Julius Baer-D3 2024"]
[Site "Online"]
[Date "2024.09.27"]
[Round "1.2"]
[White "Ponkratov, Pavel"]
[Black "Korobov, Anton"]
[Result "0-1"]
[ECO "B90"]
[WhiteElo "2564"]
[BlackElo "2650"]
[Annotator "ChessBase"]
[PlyCount "78"]
[EventDate "2024.09.25"]
[EventType "swiss"]
[EventCountry "NET"]
[SourceTitle "playchess.com"]
[Source "ChessBase"]
[SourceQuality "1"]
[TimeControl "600+2"]

1. e4 c5 2. Nf3 d6 3. d4 cxd4 4. Nxd4 Nf6 5. Nc3 a6 6. Be3 e5 7. Nf3 Qc7 8. a4 Be7 9. Be2 h6 10. O-O Be6 11. a5 Nbd7 12. Nh4 g6 13. Nf3 Qc6 14. Nd2 Rc8 15. Bf3 g5 16. Re1 g4 17. Be2 h5 18. Bd3 Nc5 19. Bg5 h4 20. Bxf6 Bxf6 21. Nd5 Bg5 22. Nb6 Rd8 23. b4 Nxd3 24. cxd3 Qc3 25. Ndc4 g3 26. Qf3 gxf2+ 27. Qxf2 h3 28. Nd5 Qxd3 29. Nce3 Rc8 30. Rad1 Qxe4 31. g3 Rh6 32. Rf1 Bxe3 33. Nxe3 Rc3 34. Rfe1 Rf6 35. Qxf6 Rxe3 36. Qh8+ Kd7 37. Rxd6+ Kxd6 38. Qd8+ Bd7 39. Qb8+ Ke7 0-1

[Event "CCT Julius Baer-D3 2024"]
[Site "Online"]
[Date "2024.09.27"]
[Round "1.2"]
[White "Bharath Subramaniyam H"]
[Black "Guseinov, Gadir"]
[Result "1-0"]
[ECO "B31"]
[WhiteElo "2561"]
[BlackElo "2636"]
[Annotator "TA"]
[PlyCount "165"]
[EventDate "2024.09.25"]
[EventType "swiss"]
[EventCountry "NET"]
[SourceTitle "playchess.com"]
[Source "ChessBase"]
[SourceQuality "1"]
[TimeControl "600+2"]

1. e4 c5 2. Nf3 Nc6 3. Nc3 g6 4. Bb5 Nd4 5. Bc4 Bg7 6. O-O d6 {[%emt 0:00:03] B31: Sicilian: 2...Nc6 3 Bb5 g6.} 7. d3 Nf6 8. Nxd4 cxd4 9. Ne2 d5 10. Bb5+ Bd7 11. Bxd7+ Nxd7 12. Bg5 $1 $146 {[%emt 0:01:22][%mdl 8] An important novelty.} ({Predecessor:} 12. f4 dxe4 13. dxe4 Qb6 14. Kh1 Rd8 15. e5 O-O 16. b3 Nc5 17. Ba3 Qa5 18. Bxc5 Qxc5 {1-0 Hakobyan,A (2612)-Yakubboev,N (2630) Speed Chess Q2 Sw blitz 2023 (10)}) 12... dxe4 13. dxe4 Nc5 14. Ng3 Qb6 15. Rb1 h6 16. Bd2 h5 17. Re1 h4 18. Nf1 h3 19. g3 Qc6 20. Bb4 Ne6 21. Nd2 a5 22. Ba3 b5 23. b3 Rc8 24. Qe2 Bh6 25. Nf3 O-O 26. Bxe7 Rfe8 27. Ba3 Qxc2 28. Qxb5 d3 29. Rb2 Qc3 30. Rd1 d2 31. Qe2 Nd4 32. Nxd4 Qxd4 33. Qg4 Rc1 34. Rbxd2 Rxd1+ 35. Rxd1 Qxe4 36. Qxh3 Bg7 37. Qf1 Qc2 38. Bd6 Qxa2 39. Qb5 Re2 40. Rf1 Bd4 41. Bc5 Bxc5 42. Qxc5 Qxb3 43. Qxa5 Qe6 44. Qc5 Re5 45. Qd4 Re4 46. Qd3 Re5 47. h4 Kg7 48. Qc3 Kh7 49. Ra1 Qf6 50. Rc1 Rf5 51. Qd2 (51. Qxf6 {simplifies} Rxf6 52. Kg2 Kh6 53. g4) 51... Qe6 52. Re1 Re5 53. Rxe5 Qxe5 54. Qe3 (54. Qd1 $14) 54... Qa1+ (54... Qxe3 $1 $11 55. fxe3 f5) 55. Kg2 $14 Qa8+ 56. Qf3 Qa2 57. Qf4 Qd5+ 58. Kh2 Qa2 59. g4 Qd5 60. Kg3 Kg8 61. Qb8+ Kh7 62. Qf4 Kg8 $1 63. Qe3 Qd1 64. f4 (64. Qe8+ $14 {should be considered.} Kg7 65. Qe5+ Kh7 66. h5) 64... Kh7 $11 65. Qf3 Qg1+ 66. Kh3 Kg8 67. Qa8+ Kh7 68. Qf3 Kg8 69. f5 gxf5 70. gxf5 Qc1 71. Qg4+ (71. f6 $5 Qh6 $8 72. Qf5 $11) 71... Kf8 72. Qb4+ Kg8 73. Qg4+ Kf8 74. Qe4 Qf1+ 75. Kg4 Qd1+ 76. Qf3 Qd4+ 77. Qf4 Qg7+ 78. Qg5 Qa1 $2 (78... f6 $11 79. Qg6 Qe7) 79. Kh5 $18 Ke8 80. f6 Qa2 81. Kh6 Qe6 82. h5 Kd7 83. Kg7 1-0

[Event "CCT Julius Baer-D3 2024"]
[Site "Online"]
[Date "2024.09.27"]
[Round "1.2"]
[White "Arm-Akiba"]
[Black "h4parah5"]
[Result "1/2-1/2"]
[ECO "E04"]
[WhiteElo "2541"]
[BlackElo "2663"]
[Annotator "NA"]
[PlyCount "112"]
[EventDate "2024.09.25"]
[EventType "swiss"]
[EventCountry "NET"]
[SourceTitle "playchess.com"]
[Source "ChessBase"]
[SourceQuality "1"]
[TimeControl "600+2"]

1. d4 Nf6 2. c4 e6 3. Nf3 d5 4. g3 dxc4 5. Bg2 c5 6. O-O Nc6 7. Qa4 Bd7 8. Qxc4 b5 9. Qc3 b4 10. Qd3 Rc8 11. Bf4 cxd4 12. Nbd2 Nd5 13. Be5 Nxe5 14. Nxe5 Be7 15. Rfc1 O-O 16. Qxd4 Bb5 17. e3 Qb6 18. Nb3 Bf6 19. Bxd5 exd5 20. Rxc8 Rxc8 21. Qxd5 Be8 22. Nd7 Bxd7 23. Qxd7 Rd8 24. Qg4 Bxb2 25. Rd1 Rxd1+ 26. Qxd1 g6 27. Qd5 Bc3 28. Na5 Kg7 29. Nc4 Qe6 30. Qxe6 fxe6 31. Kf1 Kf6 32. Ke2 h5 33. Kd3 a6 34. f3 g5 35. g4 hxg4 36. fxg4 Ke7 37. Na5 Kd6 38. Nb3 Kd5 39. h3 Be1 40. Ke2 Bg3 41. Kd3 Bc7 42. Nd2 a5 43. Nf3 Bd8 44. e4+ Kc5 45. Nd4 Bf6 46. e5 Bxe5 47. Nxe6+ Kd5 48. Nxg5 a4 49. Kc2 Bf6 50. Nf3 Ke4 51. Ne1 b3+ 52. axb3 axb3+ 53. Kxb3 Kf4 54. Kc4 Kg3 55. Kd5 Kxh3 56. Ke6 Kxg4 1/2-1/2

[Event "CCT Julius Baer-D3 2024"]
[Site "Online"]
[Date "2024.09.27"]
[Round "1.3"]
[White "Keymer, Vincent"]
[Black "Hakobyan, Aram"]
[Result "1-0"]
[ECO "A58"]
[WhiteElo "2803"]
[BlackElo "2630"]
[Annotator "TA"]
[PlyCount "51"]
[EventDate "2024.09.25"]
[EventType "swiss"]
[EventCountry "NET"]
[SourceTitle "playchess.com"]
[Source "ChessBase"]
[SourceQuality "1"]
[TimeControl "600+2"]

1. d4 Nf6 2. c4 c5 3. d5 b5 4. cxb5 a6 5. bxa6 e6 6. Nc3 exd5 7. Nxd5 Nxa6 8. Nxf6+ {[%emt 0:00:43] White is slightly better.} Qxf6 9. Nf3 Nb4 10. e4 {[%emt 0:00:33] Prevents Qf5} Qg6 (10... Rxa2 $11 11. Rxa2 Nxa2) 11. Be2 $1 $14 Qxg2 ({Better is} 11... Be7 $14) 12. Rg1 $16 Qh3 13. a3 {[%emt 0:00:39] Black must now prevent Bf4.} Nc6 14. Bc4 {[%emt 0:00:05][%cal Oc4f7] [#] Inhibits Qe6. And now Bxf7+! would win.} Be7 (14... h6 $16 {is a better defense.} 15. Bd2 Rh7) 15. Rxg7 $18 Ba6 16. Rg3 (16. Bxf7+ $2 {is the wrong capture.} Kf8 17. Rg1 Kxf7 18. Qd5+ Ke8 $19) 16... Qh5 17. Bxa6 Rxa6 18. Bd2 {[%emt 0:00:52][%cal Bc1d2,Bd2c3,Bc3d4][%mdl 32] Qe2 would now be deadly.} f5 19. Bc3 Rf8 {[%emt 0:00:01] [#]} 20. Qd5 (20. Qd3 $1 $18 Ra7 21. e5) 20... Ra4 {[%emt 0:01:26] Black cannot hold the game after this.} (20... Nd8 $16 {might work better.}) 21. O-O-O $40 {[%emt 0:00:11][%mdl 128] White attacks with force.} Nd4 $2 (21... Qh6+ 22. Kb1 Qe6) 22. Nxd4 cxd4 23. Bxd4 Qe2 (23... Qh6+ 24. Kc2 (24. Kb1 Qe6 $18) 24... Qe6 25. Qxe6 dxe6) 24. Rc3 {[%emt 0:00:33] Rc8+ would kill now.} Bg5+ 25. Be3 Bxe3+ 26. fxe3 {[%emt 0:00:01] Weighted Error Value: White=0.54/Black=0.88.  Loses game:     	---       	Black=1      Mistake:       	White=1     	Black=5      Inaccurate:     	White=4     	Black=3      OK:         	White=5     	Black=6      Best:        	White=3     	---        Strong:       	White=1     	---} 1-0

[Event "CCT Julius Baer-D3 2024"]
[Site "Online"]
[Date "2024.09.27"]
[Round "1.3"]
[White "Niemann, Hans Moke"]
[Black "Sarana, Alexey"]
[Result "1/2-1/2"]
[ECO "E04"]
[WhiteElo "2707"]
[BlackElo "2671"]
[Annotator "TA"]
[PlyCount "75"]
[EventDate "2024.09.25"]
[EventType "swiss"]
[EventCountry "NET"]
[SourceTitle "playchess.com"]
[Source "ChessBase"]
[SourceQuality "1"]
[TimeControl "600+2"]

1. d4 Nf6 2. c4 e6 3. Nf3 d5 4. g3 dxc4 5. Bg2 Nc6 6. O-O Rb8 7. Be3 Nd5 8. Qc1 Nxe3 9. Qxe3 {[%emt 0:00:06] Die Stellung ist ausgeglichen.} Be7 10. Nc3 O-O 11. Rad1 Nb4 {[%emt 0:00:03] [#]} 12. d5 $1 exd5 13. a3 $1 Nc6 ({Ein No Go ist} 13... Nc2 $6 14. Qc1 d4 (14... Bf5 $2 15. Rxd5 Qc8 16. e4 $18) 15. Qxc2 $16) 14. Nxd5 Bd6 15. Nd4 (15. h4 $11) 15... Re8 (15... a6 $17) 16. Qf3 ({Besser ist} 16. Qd2 $15) 16... Nxd4 $17 17. Rxd4 Be5 18. Rxc4 Be6 {[%emt 0:00:28][%cal Oc7c6] Droht stark ...c6!} ({Viel schwächer wäre} 18... Bxb2 $6 19. Nxc7 Re5 20. a4 $14) 19. Rc2 c6 20. Nf4 Bf5 {[%emt 0:00:10] Ein starkes Läuferpaar.} 21. e4 Be6 22. Rd1 Qf6 23. Nxe6 fxe6 24. Qxf6 Bxf6 25. Bh3 Kf7 26. Rd7+ Re7 27. Rcd2 Rbe8 28. R7d6 Be5 29. R6d3 g5 30. b4 Rc8 31. Bg4 b6 ({Vorzuziehen ist} 31... c5 $11) 32. Bh5+ (32. f4 $14 gxf4 33. gxf4) 32... Kg7 33. Rd7 Kf6 34. R2d3 {[%emt 0:00:08] [#] Und Rf3+ würde nun gewinnen.} Rxd7 35. Rxd7 Rc7 36. Rxc7 Bxc7 37. Be8 c5 38. bxc5 {[%emt 0:00:03] Gewichteter Fehlerwert: Weiß=0.17 (sehr präzise) /Schwarz=0.12 (sehr präzise) .  Fehler:       	Weiß=3     	Schwarz=2     Ungenau:       	Weiß=1     	Schwarz=2     OK:         	Weiß=11    	Schwarz=13    Bester:       	---       	Schwarz=2     Stark:        	Weiß=1     	---} 1/2-1/2

[Event "CCT Julius Baer-D3 2024"]
[Site "Online"]
[Date "2024.09.27"]
[Round "1.3"]
[White "Navara, David"]
[Black "Amin, Bassem"]
[Result "0-1"]
[ECO "E94"]
[WhiteElo "2681"]
[BlackElo "2636"]
[Annotator "RC"]
[PlyCount "110"]
[EventDate "2024.09.25"]
[EventType "swiss"]
[EventCountry "NET"]
[SourceTitle "playchess.com"]
[Source "ChessBase"]
[SourceQuality "1"]
[TimeControl "600+2"]

1. d4 Nf6 2. c4 g6 3. Nc3 Bg7 4. e4 d6 5. Nf3 O-O 6. Be2 e5 7. O-O Nbd7 8. Be3 Qe7 9. Qc2 c6 10. d5 c5 11. Bg5 h6 12. Bd2 Nh5 13. g3 Ndf6 14. Kh1 Ng4 15. Nh4 Nf4 16. Bd1 Nh3 17. Bc1 Bf6 18. Ng2 Bg5 19. f4 exf4 20. gxf4 Bh4 21. Bxg4 Bxg4 22. Nxh4 Qxh4 23. Qg2 Rae8 24. Bd2 f5 25. Rae1 fxe4 26. Nxe4 Nxf4 27. Bxf4 Rxf4 28. Nf6+ Qxf6 29. Rxe8+ Kf7 30. Ree1 Bf3 31. Rxf3 Rxf3 32. Qe2 h5 33. Qe8+ Kg7 34. Qe7+ Qf7 35. Re6 Rf6 36. Re3 Rf1+ 37. Kg2 Rf2+ 38. Kg1 Rxb2 39. Qxf7+ Kxf7 40. Re6 Rb6 41. Kg2 Ra6 42. Kg3 g5 43. Kf3 Rxa2 44. Rxd6 Rxh2 45. Ke4 Rf2 46. Ke5 h4 47. Rd7+ Kg6 48. Rxb7 h3 49. d6 h2 50. Rb1 g4 51. d7 Rd2 52. Kf4 Rxd7 53. Kxg4 Rd2 54. Kg3 Kf5 55. Re1 a5 0-1